 Dungeon Crawl Stone Soup version 0.30-a0-637-gacddeb6d44 (webtiles) character file.

Game seed: 17730221639653217001

1577 Leeroy the Carver (level 8, -6/44 HPs)
             Began as a Tengu Warper on Jan 15, 2023.
             Was an Initiate of Okawaru.
             Mangled by a fire elemental (12 damage)
             ... summoned by a deep elf pyromancer
             ... on level 6 of the Dungeon.
             The game lasted 00:06:08 (4183 turns).

Leeroy the Carver (Tengu Warper)                    Turns: 4183, Time: 00:06:09

Health: -6/44      AC:  3    Str: 12    XL:     8   Next: 91%
Magic:  6/12       EV: 15    Int: 13    God:    Okawaru [......]
Gold:   214        SH:  0    Dex: 16    Spells: 3/11 levels left

rFire   . . .      SeeInvis .    a - +0 falchion
rCold   . . .      Faith    .    (no shield)
rNeg    . . .      Spirit   .    K - +0 robe {Will+}
rPois   .          Reflect  .    (helmet restricted)
rElec   .          Harm     .    (no cloak)
rCorr   .          Rampage  .    r - +0 pair of gloves
Will    +....                    (boots unavailable)
Stlth   +                        A - amulet of regeneration
HPRegen 1.07/turn                (no ring)
MPRegen 0.13/turn                (no ring)

@: flying quickly and evasively, very slightly contaminated, quick
A: beak, talons 3, nimble flight
a: Renounce Religion


You were on level 6 of the Dungeon.
You worshipped Okawaru.
Okawaru was noncommittal.
You visited 2 branches of the dungeon, and saw 7 of its levels.

You collected 214 gold pieces.

Inventory:

Hand Weapons
 a - a +0 falchion (weapon)
 s - a +2 dagger of protection
 J - a +0 scimitar
Missiles
 d - 6 boomerangs of dispersal (quivered)
 D - 6 boomerangs
 I - 2 poisoned darts
Armour
 b - a +0 leather armour
 n - an orb of guile
 r - a +0 pair of gloves (worn)
 t - a +0 buckler
 K - a +0 robe of willpower (worn)
Jewellery
 j - an amulet of guardian spirit
 w - a ring of flight
 A - an amulet of regeneration (around neck)
 H - an amulet of magic regeneration
Wands
 G - a wand of paralysis (7)
 L - a wand of flame (28)
Scrolls
 c - a scroll of blinking
 e - 2 scrolls of enchant armour {unknown}
 f - 2 scrolls of brand weapon {unknown}
 h - 7 scrolls of identify {unknown}
 k - 5 scrolls of noise {unknown}
 m - a scroll of vulnerability {unknown}
 u - a scroll of immolation {unknown}
 x - a scroll of poison {unknown}
 y - 2 scrolls of fog {unknown}
 E - a scroll of amnesia {unknown}
Potions
 g - 5 potions of lignification {unknown}
 i - a potion of cancellation {unknown}
 l - 2 potions of curing
 o - 2 potions of magic {unknown}
 p - 3 potions of flight {unknown}
 q - a potion of resistance {unknown}
 v - a potion of brilliance
 z - 3 potions of might {unknown}
 B - a potion of experience {unknown}
 C - a potion of heal wounds {unknown}
 F - 3 potions of mutation {unknown}


   Skills:
 - Level 2.0 Fighting
 + Level 11.7 Long Blades
 - Level 1.0 Throwing
 - Level 1.1 Armour
 - Level 2.1 Dodging
 - Level 2.0 Spellcasting
 - Level 2.4 Translocations
 - Level 3.1 Air Magic


You had 3 spell levels left.
You knew the following spells:

 Your Spells              Type           Power      Damage    Failure   Level
a - Blink                 Tloc           14%        N/A       14%         2
b - Vhi's Electric Charg  Tloc/Air       16%        N/A       24%         3
c - Teleport Other        Tloc           7%         N/A       28%         3

Your spell library contained the following spells:

 Spells                   Type           Power      Damage    Failure   Level
 Kiss of Death            Conj/Necr      4%         2d5       26%         1
 Lesser Beckoning         Tloc           14%        N/A       28%         3
 Portal Projectile        Hex/Tloc       8%         N/A       43%         3
 Confusing Touch          Hex            1%         N/A       58%         3
 Manifold Assault         Tloc           7%         N/A       67%         4
 Dispel Undead            Necr           1%         3d6       94%         4
 Blade Hands              Tmut           0%         N/A       100%        5
 Tukima's Dance           Hex            Unusable   N/A       N/A         3

Dungeon Overview and Level Annotations

Branches:
Dungeon (6/15)             Temple (1/1) D:6

Altars:
Ashenzari
Cheibriados
Dithmenos
Elyvilon
Kikubaaqudgha
Makhleb
Nemelex Xobeh
Okawaru
Qazlal
Sif Muna
Trog
Vehumet
Xom
Yredelemnul
Zin
The Shining One

Shops:
D:4 (

Annotations:
D:5 Dowan, Duvessa


Innate Abilities, Weirdness & Mutations

You have a beak for a mouth.
You have claws for feet.
Your magical nature lets you fly swiftly and evasively.


Message History

You reach down and open the gate.
A deep elf pyromancer comes into view. It is wielding a +0 long sword.
The deep elf pyromancer shouts!
Found 2 stones.
A deep elf pyromancer is nearby!
The deep elf pyromancer hits you but does no damage.
There is an open gate here.
You hit the deep elf pyromancer.
The deep elf pyromancer is lightly wounded.
The deep elf pyromancer mumbles some strange words.
The deep elf pyromancer blinks!
Casting: Vhi's Electric Charge (quite dangerous; 24% risk of failure)
Confirm with . or Enter, or press ? or * to list all spells.
The spell is quite dangerous to miscast (24% risk of failure)!
Continue anyway?
Charge where?
Press: ? - help, Dir - move target, f - deep elf pyromancer
Aim: a deep elf pyromancer, wielding a +0 long sword and wearing a +0 leather armour (lightly wounded, 72% to hit)
You miscast Vhi's Electric Charge.
You are very lightly contaminated with residual magic.
You are blasted with air!
The deep elf pyromancer gestures wildly while chanting.
Casting: Vhi's Electric Charge (quite dangerous; 24% risk of failure)
Confirm with . or Enter, or press ? or * to list all spells.
The spell is quite dangerous to miscast (24% risk of failure)!
Continue anyway?
Charge where?
Press: ? - help, Dir - move target, f - fire elemental, p - deep elf pyromancer
Aim: a fire elemental (summoned, 76% to hit)
You charge forward with an electric crackle!
You hit the fire elemental.
The fire elemental is lightly damaged.
The fire elemental hits you. The fire elemental burns you!
The fire elemental hits you. The fire elemental burns you!
* * * LOW HITPOINT WARNING * * *
The deep elf pyromancer hits you with a +0 long sword!
* * * LOW HITPOINT WARNING * * *
You slash the deep elf pyromancer!
Your peck misses the deep elf pyromancer.
The deep elf pyromancer is lightly wounded.
The fire elemental hits you. The fire elemental burns you!
You die...

########### #########.........#
#####.............###.#
#..##.#..8...8..#.# #.##
#..##.#..#...#..#.# #..#
###..##.#..#...#..#.# ##.#
#.......#..#...#..#.# #.#####
.....##.#..#...#e[#.# ##.....####
.....##.#..#...#@E#.###..........
......#.#..#+++#..#.#............
........#..+...°..#...#####......
..##....# +...'..#..## #.[....
..####..# +(.P'..#.## #.....#
..## #..###########.# #.....#
...# ##.............# #.....#
...## ###..#....##..# ##..#..#
##..# #....#####..# #..##..#


You could see a deep elf pyromancer and a fire elemental (summoned).

Vanquished Creatures
  Eustachio (D:6)
  A water moccasin (D:6)
  An ice beast (D:6)
  A black bear (D:6)
  An ogre (D:6)
  3 phantoms (D:4)
  Blork the orc (D:6)
  A necrophage (D:4)
  2 scorpions
  3 water moccasin zombies (D:4)
  A howler monkey (D:5)
  2 bullfrog zombies (D:4)
  A hound (Temple)
  An iguana (D:6)
  2 scorpion zombies (D:4)
  A hound skeleton (D:4)
  A howler monkey zombie (D:4)
  4 gnolls (D:5)
  6 adders
  A shadow imp (D:6)
  2 ufetubi
  2 adder skeletons (D:4)
  4 adder zombies (D:4)
  A worm (D:5)
  2 dart slugs
  6 orcs
  5 bats
  2 endoplasms
  9 goblins
  4 hobgoblins
  9 jackals
  4 quokkas
  2 ball pythons
  4 frilled lizards
  A jackal skeleton (D:4)
  A jackal zombie (D:4)
  3 kobolds
  A quokka zombie (D:4)
  3 rats
100 creatures vanquished.

Vanquished Creatures (others)
  5 withered plants (D:4)
5 creatures vanquished.

Grand Total: 105 creatures vanquished

Notes
Turn   | Place    | Note
-------+----------+-------------------------------------------
     0 | D:1      | Leeroy the Tengu Warper began the quest for the Orb.
     0 | D:1      | Reached XP level 1. HP: 12/12 MP: 4/4
   283 | D:1      | Reached skill level 3 in Long Blades
   283 | D:1      | Reached XP level 2. HP: 15/17 MP: 6/6
   535 | D:1      | Found a faded altar of an unknown god.
   948 | D:2      | Reached XP level 3. HP: 20/21 MP: 7/7
  1038 | D:2      | Reached skill level 4 in Long Blades
  1303 | D:3      | Learned a level 2 spell: Blink
  1307 | D:3      | Learned a level 3 spell: Vhi's Electric Charge
  1388 | D:3      | Reached XP level 4. HP: 25/26 MP: 6/8
  1871 | D:4      | Reached skill level 5 in Long Blades
  1880 | D:4      | Found Nesik's Antique Weapon Boutique.
  2012 | D:4      | Noticed a phantom
  2017 | D:4      | Gained mutation: Your magical nature lets you fly swiftly
                  | and evasively. [Tengu growth]
  2017 | D:4      | Reached XP level 5. HP: 13/30 MP: 4/9
  2041 | D:4      | Reached skill level 6 in Long Blades
  2103 | D:3      | Learned a level 3 spell: Teleport Other
  2113 | D:4      | Killed a phantom
  2114 | D:4      | Reached skill level 1 in Air Magic
  2114 | D:4      | Reached XP level 6. HP: 20/35 MP: 4/10
  2233 | D:4      | Reached skill level 7 in Long Blades
  2397 | D:4      | Reached XP level 7. HP: 25/40 MP: 5/11
  2502 | D:4      | Reached skill level 8 in Long Blades
  2765 | D:4      | Reached skill level 9 in Long Blades
  3140 | D:5      | Entered Level 5 of the Dungeon
  3312 | D:5      | Reached XP level 8. HP: 37/44 MP: 12/12
  3473 | D:5      | Noticed Duvessa
  3474 | D:5      | Noticed Dowan
  3583 | D:6      | Reached skill level 10 in Long Blades
  3702 | D:6      | Found a staircase to the Ecumenical Temple.
  3712 | Temple   | Entered the Ecumenical Temple
  3858 | Temple   | Became a worshipper of Warmaster Okawaru
  3888 | D:6      | Noticed Eustachio
  3907 | D:6      | Killed Eustachio
  3908 | D:6      | Reached skill level 11 in Long Blades
  4065 | D:6      | Noticed Blork the orc
  4071 | D:6      | Killed Blork the orc
  4177 | D:6      | Noticed a deep elf pyromancer
  4183 | D:6      | Mangled by a fire elemental

Illustrated notes

Levels and vault maps discovered:
D:1:      minmay_arrival_radiant_lines, layout_basic, basic_ecumenical_altar,
          minmay_stone_trees_small
D:2:      layout_rooms
D:3:      layout_rooms, serial_rivers, chequers_serial_rivers_marsh,
          chequers_serial_rivers_room_b, chequers_serial_rivers_room_a,
          chequers_serial_rivers_room_a
D:4:      layout_loops_cross, serial_shops, shop, serial_undead,
          serial_undead_d, serial_undead_a, serial_undead_c, serial_undead_c,
          serial_undead_c, serial_undead_d, serial_undead_c, serial_undead_f,
          serial_undead_d, serial_undead_c, minmay_misc_feat_doors,
          minmay_statues_item, item_on_display_a
D:5:      layout_layer_cave, minmay_misc_feat_plants, uniq_duvessa
D:6:      layout_layer_cave, minmay_temple_entry_steel_oval,
          guppyfry_early_elven_hall, uniq_blork_the_orc, uniq_eustachio
Temple:   kb_temple_of_zot

Skill      XL: |  1  2  3  4  5  6  7  8 |
---------------+-------------------------+-----
Long Blades    | 3 4 5 6 7 9 11 | 11.7
Air Magic      | 1 2 3 |  3.1
Fighting       | |  2.0
Throwing       | |  1.0
Armour         | |  1.1
Dodging        | |  2.1
Spellcasting   | |  2.0
Translocations | |  2.4

Action                   |  1- 3 |  4- 6 |  7- 9 || total
-------------------------+-------+-------+-------++-------
Melee: Falchion          |    93 |   111 |   189 ||   393
       Kick              |    22 |    30 |    65 ||   117
       Peck              |     9 |    23 |    38 ||    70
       Punch             |     2 |       |     1 ||     3
Throw: Dart              |       |       |     2 ||     2
       Boomerang         |       |       |     1 ||     1
 Cast: Blink             |       |     1 |     1 ||     2
       Vhi's Electric Ch |       |       |     3 ||     3
  Use: Potion            |       |       |     2 ||     2
 Stab: Sleeping          |       |     1 |     1 ||     2
Armor: Leather armour    |    32 |    27 |    32 ||    91
       Robe              |       |       |     3 ||     3
Dodge: Dodged            |    66 |    74 |   113 ||   253

Table legend: (Time is in decaauts)
 A = Elapsed time spent in this place.
 B = Non-inter-level travel time spent in this place.
 C = Inter-level travel time spent in this place.
 D = Time resting spent in this place.
 E = Time spent auto-exploring this place.
 F = Levels seen in this place.
 G = Mean time per level.
                   A        B        C        D        E       F      G
               +--------+--------+--------+--------+--------+-----+--------+
         Total |   4034 |   3902 |    132 |    114 |   2895 |   7 |  576.3 |
       Dungeon |   3871 |   3794 |     77 |    114 |   2812 |   6 |  645.2 |
        Temple |    162 |    107 |     55 |      0 |     82 |   1 |  162.0 |
               +--------+--------+--------+--------+--------+-----+--------+

Top non-repeatable levels by time:
     D:4: 1090 daAuts
     D:1: 923 daAuts
     D:3: 741 daAuts
     D:6: 477 daAuts
     D:2: 334 daAuts
     D:5: 303 daAuts
  Temple: 162 daAuts
